Map: Monte Asper

Players

Marius

  • Race: Zerg Zerg

Paganel

  • Race: Zerg Zerg

llllllllllll

  • Race: Protoss Protoss

TrattjaeveL

  • Race: Protoss Protoss

XxLordRahxX

  • Race: Protoss Protoss

VeniVidiVici

  • Race: Zerg Zerg

damned

  • Race: Terran Terran

Jhyrachy

  • Race: Zerg Zerg
  • League: Gold

VOD

Have the link to the VOD?

Description

Time

  • Played on: April 17, 2016, 8:39 a.m.
  • Length: 18:03
Show
View Real Time Build Order
Export as new Build Order

Marius Zerg 

Build Orders: Pool First 

Get SALT Encoding   

  12  0:02  Drone  
  13  0:12  Drone  
  14  0:29  Overlord  
  14  0:37  Spawning Pool  
  13  0:43  Drone  
  13  0:46  Extractor  
  13  0:47  Drone  
  13  0:49  Drone  
  15  0:56  Drone  
  16  1:06  Drone  
  17  1:16  Drone  
  18  1:25  Queen  
  20  1:27  Drone  
  21  1:38  Drone  
  22  1:50  Overlord  
  22  2:19  Lair  
  22  2:26  Extractor  
  21  2:34  Drone  
  21  2:35  Roach Warren  
  21  2:49  Drone x2  
  21  2:51  Drone  
  24  2:55  Hatchery  
  23  3:07  Extractor  
  23  3:09  Drone x3  
  23  3:11  Extractor  
  23  3:12  Drone x3  
  27  3:26  Queen  
  29  3:34  Drone  
  30  3:38  Overlord  
  30  4:03  Drone  
  30  4:04  Hydralisk Den  
  30  4:08  Drone x2  
  32  4:18  Glial Reconstitution  
  32  4:23  Drone x4  
  36  4:42  Roach x2  
  36  4:43  Roach x2  
  44  4:47  Muscular Augments  
  44  5:03  Infestation Pit  
  43  5:08  Evolution Chamber  
  43  5:10  Drone x2  
  43  5:12  Overlord  
  43  5:13  Overlord x3  
  44  5:19  Overlord x2  
  44  5:22  Overlord  
  44  5:36  Tunneling Claws  
  44  5:38  Zerg Missile Weapons Level 1  
  44  5:43  Roach  
  44  5:44  Roach  
  44  5:48  Roach x3  
  54  5:54  Drone x3  
  57  5:58  Drone  
  57  6:00  Drone  
  57  6:03  Drone  
  60  6:26  Hydralisk x5  
  60  6:30  Hydralisk  
  72  6:48  Hive  
  72  6:49  Hydralisk x3  
  72  6:52  Hydralisk  
  80  7:07  Hatchery  
  79  7:22  Drone x5  
  84  7:26  Drone  
  85  7:32  Drone x2  
  85  7:36  Overlord x3  
  87  7:55  Hydralisk x5  
  87  7:58  Extractor x2  
  95  8:01  Zerg Missile Weapons Level 2  
  95  8:19  Hydralisk x5  
  105  8:42  Roach x4  
  105  8:43  Roach x2  
  117  8:53  Queen  
  119  8:56  Drone x3  
  119  9:00  Drone x3  
  125  9:19  Overlord  
  125  9:20  Overlord x6  
  125  9:44  Hydralisk x5  
  125  9:45  Hydralisk  
  137  9:56  Roach x4  
  145  10:49  Hydralisk x3  
  145  10:50  Hydralisk x3  
  145  10:55  Zergling x10  
  145  10:56  Metabolic Boost  
  162  11:00  Zergling x8  
  162  11:01  Zergling x2  
  161  11:46  Drone  
  161  11:47  Spire  
  161  12:15  Hydralisk, Adrenal Glands  
  161  12:16  Hydralisk x3  
  161  12:19  Overlord x3  
  167  12:55  Queen  
  169  13:03  Corruptor x6  
  181  13:07  Corruptor x4  
  181  13:08  Corruptor x2  
  187  13:22  Corruptor  
  187  13:26  Corruptor x2  
  193  13:54  Overlord x5  
  193  14:16  Corruptor x3  
  197  14:22  Overlord x2  
  199  14:35  Evolution Chamber  
  198  14:46  Zerg Flyer Weapons Level 1  
  172  15:55  Mutalisk x2  
  172  15:56  Mutalisk x4  
  184  15:59  Hydralisk x3  
  184  16:00  Hydralisk x4  
  198  16:05  Hydralisk  
Show
View Real Time Build Order
Export as new Build Order

Paganel Zerg 

Build Orders: Pool First 

Get SALT Encoding   

  12  0:23  Spawning Pool  
  12  0:27  Drone x2  
  13  0:37  Overlord  
  13  0:42  Extractor  
  12  0:45  Drone  
  13  1:10  Zergling x4  
  15  1:12  Zergling x2  
  15  1:13  Queen  
  18  1:23  Zergling x2  
  19  1:34  Zergling x2  
  19  1:38  Extractor  
  19  1:53  Lair  
  18  2:02  Drone x2  
  21  2:08  Drone  
  21  2:19  Zergling x2  
  22  2:40  Overlord  
  22  2:53  Spire  
  22  2:55  Drone  
  22  2:59  Drone  
  22  3:05  Drone  
  24  3:10  Drone  
  25  3:18  Zergling x2  
  26  3:22  Drone  
  27  3:35  Infestation Pit  
  27  3:38  Drone  
  27  3:41  Drone  
  27  3:47  Drone  
  29  3:50  Drone  
  30  4:27  Hive  
  30  4:31  Hatchery  
  30  4:34  Drone  
  30  4:42  Overlord  
  30  4:49  Zerg Flyer Weapons Level 1  
  30  5:01  Spire  
  30  5:02  Drone  
  30  5:09  Drone x2  
  32  5:25  Corruptor  
  34  5:33  Corruptor  
  34  5:35  Extractor  
  35  5:39  Extractor  
  33  6:00  Drone x2  
  35  6:05  Corruptor  
  35  6:06  Corruptor  
  39  6:22  Greater Spire  
  39  6:24  Corruptor  
  41  6:28  Drone x2  
  43  6:33  Overlord  
  43  6:42  Overlord x2  
  43  6:51  Zerg Flyer Armor Level 1  
  43  6:59  Drone  
  43  7:00  Drone x2  
  46  7:14  Corruptor  
  48  7:18  Corruptor  
  51  7:22  Drone  
  51  7:25  Drone  
  52  7:34  Corruptor  
  54  7:45  Corruptor  
  56  7:52  Zerg Flyer Weapons Level 2  
  56  8:00  Drone x2  
  56  8:02  Drone  
  58  8:12  Corruptor  
  59  8:16  Drone  
  60  8:22  Corruptor  
  60  8:25  Drone  
  63  9:00  Corruptor x2  
  67  9:15  Overlord x2  
  67  9:21  Zerg Flyer Armor Level 2  
  67  9:45  Brood Lord x4  
  75  9:50  Overlord x3  
  75  9:55  Corruptor  
  73  10:55  Corruptor x2  
  73  10:56  Corruptor  
  79  10:57  Hatchery  
  74  11:11  Hatchery  
  45  11:36  Corruptor x3  
  47  11:57  Corruptor  
  49  12:12  Corruptor x2, Extractor  
  52  12:16  Extractor  
  49  12:58  Corruptor  
  49  12:59  Corruptor x2  
  54  13:13  Drone x3  
Show
View Real Time Build Order
Export as new Build Order

llllllllllll Protoss 

Build Orders: Cannon Rush 

Get SALT Encoding   

  12  0:01  Probe (Chrono Boost)  
  13  0:22  Probe (Chrono Boost)  
  13  0:24  Pylon  
  14  0:32  Probe (Chrono Boost)  
  15  0:43  Probe (Chrono Boost)  
  15  0:47  Forge  
  16  0:53  Probe (Chrono Boost)  
  16  0:54  Pylon  
  17  1:04  Pylon  
  17  1:06  Probe (Chrono Boost)  
  18  1:16  Probe (Chrono Boost)  
  19  1:23  Photon Cannon  
  19  1:27  Probe (Chrono Boost)  
  20  1:33  Photon Cannon  
  20  1:44  Gateway  
  20  1:51  Photon Cannon  
  20  2:01  Photon Cannon  
  20  2:02  Probe (Chrono Boost)  
  21  2:13  Probe (Chrono Boost)  
  21  2:14  Assimilator  
  22  2:22  Assimilator  
  22  2:23  Probe (Chrono Boost)  
  23  2:34  Probe (Chrono Boost)  
  23  2:35  Cybernetics Core  
  24  2:41  Photon Cannon  
  24  2:45  Probe (Chrono Boost)  
  25  2:55  Probe (Chrono Boost)  
  26  3:06  Probe (Chrono Boost)  
  26  3:12  Nexus  
  27  3:20  Pylon  
  27  3:21  Assimilator  
  27  3:26  Probe (Chrono Boost)  
  28  3:37  Probe (Chrono Boost)  
  29  3:47  Probe (Chrono Boost)  
  30  3:49  Twilight Council  
  30  3:54  Assimilator  
  30  3:58  Probe (Chrono Boost), Pylon  
  31  4:08  Probe (Chrono Boost)  
  32  4:15  Photon Cannon  
  32  4:28  Protoss Air Weapons Level 1  
  32  4:33  Cybernetics Core  
  32  4:50  Stargate  
  32  5:00  Dark Shrine  
  32  5:05  Photon Cannon  
  32  5:11  Protoss Air Armor Level 1  
  32  5:13  Pylon  
  32  5:15  Probe (Chrono Boost)  
  33  5:26  Probe (Chrono Boost)  
  34  5:29  Protoss Shields Level 1  
  34  5:34  Void Ray  
  38  5:36  Probe (Chrono Boost)  
  39  5:47  Probe (Chrono Boost)  
  40  5:53  Stargate  
  40  5:57  Probe (Chrono Boost)  
  40  5:58  Stargate  
  40  6:02  Pylon  
  41  6:08  Probe (Chrono Boost)  
  42  6:19  Probe (Chrono Boost)  
  42  6:20  Dark Templar  
  45  6:44  Void Ray  
  49  6:57  Pylon  
  49  6:59  Dark Templar  
  51  7:01  Nexus  
  51  7:07  Pylon  
  51  7:19  Pylon  
  51  7:21  Assimilator  
  51  7:23  Protoss Ground Weapons Level 1  
  51  7:25  Assimilator  
  51  7:30  Photon Cannon  
  51  7:34  Pylon  
  51  7:38  Dark Templar  
  51  7:41  Photon Cannon  
  53  7:54  Void Ray  
  57  8:00  Photon Cannon  
  57  8:05  Pylon  
  57  8:07  Photon Cannon  
  57  8:16  Photon Cannon  
  57  8:17  Dark Templar  
  57  8:19  Probe (Chrono Boost)  
  60  8:29  Pylon  
  60  8:30  Probe (Chrono Boost)  
  60  8:34  Void Ray  
  65  8:40  Probe (Chrono Boost)  
  66  8:51  Probe (Chrono Boost)  
  66  8:55  Photon Cannon  
  67  8:57  Dark Templar  
  67  9:01  Probe (Chrono Boost), Photon Cannon  
  70  9:09  Void Ray x2  
  78  9:12  Probe (Chrono Boost)  
  79  9:18  Protoss Ground Armor Level 1  
  79  9:22  Probe (Chrono Boost)  
  80  9:31  Void Ray  
  80  9:36  Dark Templar  
  86  9:52  Void Ray  
  90  10:15  Dark Templar  
  90  10:18  Gateway  
  92  10:21  Gateway  
  92  10:26  Gateway  
  92  10:32  Void Ray x2  
  92  10:35  Void Ray  
  104  10:50  Probe (Chrono Boost)  
  104  10:54  Dark Templar  
  107  11:00  Probe (Chrono Boost)  
  108  11:06  Photon Cannon  
  109  11:11  Protoss Ground Weapons Level 2, Probe (Chrono Boost)  
  109  11:12  Stalker  
  109  11:13  Stalker x2  
  115  11:22  Probe (Chrono Boost), Void Ray  
  120  11:32  Probe (Chrono Boost)  
  121  11:33  Stalker  
  123  11:42  Stalker  
  123  11:43  Stalker  
  127  12:03  Stalker  
  107  12:20  Void Ray x3  
  103  12:27  Stalker  
  93  12:33  Dark Templar  
  73  13:02  Void Ray  
  73  13:03  Void Ray x2  
  85  13:06  Dark Templar  
  85  13:07  Dark Templar x2  
  91  13:13  Dark Templar  
  93  13:27  Protoss Ground Armor Level 2  
  93  13:45  Void Ray  
  93  13:46  Dark Templar x3  
  103  13:52  Dark Templar  
  105  14:07  Charge  
  105  14:25  Stalker x3  
  113  14:31  Void Ray, Dark Templar  
  117  14:44  Void Ray  
  121  14:52  Void Ray  
  125  14:55  Zealot x2, Stalker  
  131  15:06  Pylon  
  131  15:10  Zealot  
  131  15:12  Pylon  
  133  15:19  Void Ray  
  137  15:22  Zealot x2  
  137  15:25  Stalker  
  137  15:27  Pylon  
  143  15:37  Stalker  
  145  15:49  Zealot x2  
  149  15:52  Pylon  
  149  15:55  Zealot  
  151  15:59  Pylon  
  151  16:02  Void Ray  
  151  16:03  Void Ray  
  159  16:12  Stalker  
  161  16:19  Stalker  
  161  16:22  Stalker  
  165  16:27  Stalker  
  167  16:42  Stalker  
  169  16:48  Stalker  
Show
View Real Time Build Order
Export as new Build Order

TrattjaeveL Protoss 

Build Orders: Oracle Opening 

Get SALT Encoding   

  12  0:09  Probe (Chrono Boost)  
  13  0:19  Probe (Chrono Boost), Pylon  
  14  0:31  Probe (Chrono Boost)  
  15  0:38  Gateway  
  15  0:41  Probe (Chrono Boost)  
  16  0:51  Assimilator  
  16  0:56  Assimilator  
  16  1:03  Probe (Chrono Boost)  
  17  1:14  Probe (Chrono Boost)  
  18  1:24  Probe (Chrono Boost)  
  19  1:25  Cybernetics Core  
  19  1:35  Probe (Chrono Boost)  
  20  1:44  Pylon  
  20  1:46  Zealot  
  22  1:48  Probe (Chrono Boost)  
  23  1:57  Pylon  
  23  2:02  Probe (Chrono Boost)  
  23  2:04  Warp Gate  
  24  2:10  Stargate  
  24  2:26  Probe (Chrono Boost)  
  25  2:42  Probe (Chrono Boost)  
  26  2:51  Nexus  
  26  2:52  Probe (Chrono Boost)  
  26  2:58  Assimilator  
  27  3:03  Probe (Chrono Boost)  
  27  3:04  Assimilator  
  28  3:07  Pylon  
  28  3:13  Oracle  
  31  3:22  Probe (Chrono Boost)  
  32  3:34  Probe (Chrono Boost)  
  33  3:45  Probe (Chrono Boost)  
  33  3:46  Pylon  
  34  3:50  Cybernetics Core  
  35  3:55  Probe (Chrono Boost), Pylon  
  35  4:06  Probe (Chrono Boost)  
  36  4:16  Probe (Chrono Boost)  
  37  4:26  Phoenix  
  39  4:40  Probe (Chrono Boost)  
  39  4:41  Probe (Chrono Boost)  
  41  4:51  Probe x2 (Chrono Boost)  
  41  4:52  Protoss Air Weapons Level 1 (Chrono Boost), Protoss Air Armor Level 1 (Chrono Boost)  
  43  4:59  Stargate  
  43  5:00  Stargate  
  43  5:03  Stargate  
  43  5:08  Probe (Chrono Boost)  
  43  5:09  Probe (Chrono Boost)  
  45  5:17  Nexus  
  45  5:20  Probe x2 (Chrono Boost)  
  47  6:11  Probe x2 (Chrono Boost)  
  49  6:17  Pylon  
  49  6:21  Phoenix x3, Forge, Probe x2 (Chrono Boost)  
  49  6:22  Phoenix  
  59  6:30  Pylon  
  59  6:33  Probe (Chrono Boost), Pylon  
  59  6:34  Probe x2 (Chrono Boost)  
  62  6:42  Fleet Beacon  
  62  6:43  Probe  
  62  6:44  Pylon  
  62  6:46  Probe x2, Pylon  
  65  6:50  Phoenix  
  67  6:55  Phoenix  
  67  6:58  Phoenix, Probe x2  
  73  7:04  Phoenix  
  75  7:20  Probe  
  75  7:21  Probe x2  
  78  7:29  Assimilator  
  78  7:30  Probe  
  78  7:33  Probe x2, Protoss Air Armor Level 2 (Chrono Boost), Protoss Air Weapons Level 2 (Chrono Boost)  
  78  7:34  Assimilator  
  81  7:38  Phoenix x2  
  81  7:41  Phoenix  
  87  7:44  Phoenix  
  89  8:21  Phoenix x2  
  89  8:22  Phoenix x2  
  89  8:23  Probe  
  89  8:24  Probe x2  
  100  8:33  Probe  
  100  8:36  Probe x2  
  89  9:47  Protoss Air Armor Level 3 (Chrono Boost)  
  89  9:48  Protoss Air Weapons Level 3 (Chrono Boost)  
  89  9:51  Pylon  
  89  9:53  Pylon  
  89  9:54  Photon Cannon  
  89  9:56  Photon Cannon  
  89  9:59  Photon Cannon  
  89  10:00  Phoenix x2  
  89  10:01  Phoenix x2  
  89  10:05  Anion Pulse-Crystals  
  97  10:11  Photon Cannon  
  97  10:12  Photon Cannon  
  93  10:44  Carrier x3  
  111  11:00  Nexus  
  111  11:01  Carrier (Chrono Boost)  
  111  11:03  Assimilator  
  117  11:09  Assimilator  
  117  11:10  Graviton Catapult  
  117  11:12  Pylon  
  117  11:15  Pylon  
  117  11:17  Pylon  
  117  11:22  Pylon  
  115  11:28  Pylon  
  95  12:19  Carrier x3 (Chrono Boost)  
  113  12:27  Carrier (Chrono Boost)  
  130  13:41  Carrier x3 (Chrono Boost)  
  130  13:42  Carrier (Chrono Boost)  
  124  14:16  Photon Cannon  
  124  14:17  Photon Cannon  
  124  14:18  Photon Cannon  
  124  14:20  Photon Cannon x2  
  124  14:22  Photon Cannon  
  124  14:24  Photon Cannon  
  124  14:25  Photon Cannon  
  124  14:26  Photon Cannon  
  124  14:28  Photon Cannon  
  124  14:29  Photon Cannon  
  124  14:30  Photon Cannon  
  124  14:32  Photon Cannon  
  124  14:33  Photon Cannon  
  124  14:35  Photon Cannon x2  
  124  14:37  Photon Cannon  
  124  14:56  Carrier x3 (Chrono Boost)  
  124  14:57  Carrier (Chrono Boost)  
  142  16:10  Carrier x3 (Chrono Boost)  
  166  16:11  Carrier (Chrono Boost)  
Show
View Real Time Build Order
Export as new Build Order

XxLordRahxX Protoss 

Build Orders: Nexus First 

Get SALT Encoding   

  12  0:03  Probe (Chrono Boost)  
  13  0:13  Probe (Chrono Boost)  
  14  0:21  Pylon  
  14  0:26  Probe (Chrono Boost)  
  15  0:39  Probe (Chrono Boost)  
  16  1:00  Nexus  
  16  1:01  Probe (Chrono Boost)  
  17  1:12  Gateway  
  17  1:16  Assimilator  
  17  1:20  Probe (Chrono Boost)  
  18  1:30  Probe (Chrono Boost)  
  19  1:42  Assimilator  
  19  1:49  Probe (Chrono Boost)  
  20  1:54  Pylon  
  20  2:03  Cybernetics Core  
  20  2:07  Probe (Chrono Boost)  
  21  2:13  Probe (Chrono Boost)  
  22  2:18  Probe (Chrono Boost)  
  22  2:22  Pylon  
  23  2:24  Probe (Chrono Boost)  
  23  2:28  Probe (Chrono Boost)  
  25  2:34  Forge  
  25  2:43  Stargate  
  25  2:45  Probe x2 (Chrono Boost)  
  27  2:56  Probe x2 (Chrono Boost)  
  29  3:02  Pylon  
  29  3:06  Probe x2 (Chrono Boost)  
  31  3:13  Photon Cannon  
  33  3:20  Probe x2 (Chrono Boost)  
  33  3:35  Fleet Beacon  
  33  3:37  Probe x2 (Chrono Boost)  
  35  3:42  Pylon  
  35  3:46  Assimilator  
  35  3:47  Probe x2 (Chrono Boost)  
  37  3:49  Assimilator  
  37  3:58  Probe x2 (Chrono Boost)  
  37  4:01  Photon Cannon  
  39  4:06  Protoss Air Weapons Level 1  
  39  4:09  Probe (Chrono Boost)  
  41  4:10  Probe (Chrono Boost)  
  41  4:18  Tempest (Chrono Boost)  
  38  4:48  Probe  
  38  4:49  Pylon  
  38  4:50  Probe  
  38  4:51  Pylon  
  40  4:59  Tempest (Chrono Boost)  
  44  5:06  Probe  
  44  5:07  Probe  
  44  5:11  Photon Cannon  
  46  5:36  Probe  
  46  5:37  Probe, Tempest (Chrono Boost)  
  52  5:49  Stargate  
  52  5:57  Photon Cannon  
  52  5:58  Probe  
  52  5:59  Probe  
  54  6:06  Nexus  
  54  6:09  Assimilator  
  54  6:13  Assimilator, Protoss Air Weapons Level 2 (Chrono Boost)  
  54  6:15  Pylon  
  54  6:17  Pylon  
  54  6:21  Tempest (Chrono Boost)  
  54  6:23  Probe  
  54  6:24  Probe  
  60  6:35  Tempest (Chrono Boost)  
  64  6:57  Tempest (Chrono Boost), Protoss Shields Level 1  
  68  7:04  Twilight Council  
  68  7:11  Tempest (Chrono Boost)  
  72  7:29  Tempest  
  76  7:57  Tempest  
  76  8:03  Photon Cannon  
  80  8:06  Tempest, Photon Cannon  
  80  8:11  Photon Cannon  
  84  8:16  Pylon  
  84  8:33  Protoss Air Weapons Level 3 (Chrono Boost)  
  84  8:34  Tempest  
  88  8:44  Tempest  
  92  9:22  Tempest x2  
  72  9:51  Protoss Shields Level 2  
  72  9:59  Tempest x2  
  80  10:37  Tempest x2  
  88  10:51  Protoss Air Armor Level 1 (Chrono Boost)  
  88  11:14  Tempest x2  
  88  11:51  Tempest x2  
  88  12:11  Protoss Shields Level 3  
  88  12:28  Tempest x2  
  88  12:36  Protoss Air Armor Level 2 (Chrono Boost)  
  96  13:05  Tempest  
  96  13:06  Tempest  
  104  13:29  Pylon  
  104  13:30  Pylon  
  104  13:32  Pylon  
  104  13:43  Tempest x2  
  112  14:05  Assimilator  
  112  14:07  Assimilator  
  112  14:11  Pylon  
  112  14:14  Pylon  
  112  14:20  Tempest x2  
  120  14:44  Nexus  
  120  14:46  Pylon  
  120  14:47  Pylon  
  120  15:01  Tempest x2  
  123  15:38  Tempest x2  
  116  16:08  Assimilator  
  116  16:09  Assimilator  
  116  16:15  Tempest x2  
  116  16:17  Nexus  
  116  16:19  Pylon  
  116  16:20  Pylon  
  116  16:23  Pylon  
  124  16:52  Tempest  
Show
View Real Time Build Order
Export as new Build Order

VeniVidiVici Zerg 

Build Orders: Pool First 

Get SALT Encoding   

  12  0:19  Spawning Pool  
  11  0:25  Drone  
  11  0:28  Drone  
  13  0:36  Overlord  
  13  1:05  Zergling x2  
  13  1:06  Zergling x4  
  16  1:11  Queen  
  16  1:17  Zergling x2  
  19  1:28  Zergling x2  
  20  1:39  Zergling x2  
  17  2:07  Extractor  
  16  2:10  Extractor, Drone x3  
  18  2:22  Spine Crawler  
  17  2:25  Spine Crawler  
  17  2:28  Hatchery  
  15  2:35  Drone x2  
  15  2:36  Drone x3  
  20  2:57  Drone x2  
  22  3:07  Overlord  
  22  3:24  Overlord  
  22  3:25  Overlord  
  22  3:26  Drone  
  23  3:30  Lair  
  23  3:53  Spine Crawler  
  22  4:01  Spine Crawler  
  21  4:04  Spine Crawler  
  21  4:05  Drone x2  
  21  4:09  Drone  
  23  4:18  Drone x2  
  25  4:33  Queen  
  27  4:43  Queen  
  29  4:54  Spore Crawler  
  29  4:59  Spore Crawler  
  27  5:11  Drone  
  28  5:16  Drone  
  28  5:19  Drone, Queen  
  32  5:47  Spire  
  29  6:01  Drone x4  
  29  6:02  Drone  
  34  6:04  Drone x3  
  37  6:28  Overlord x3  
  37  6:58  Mutalisk  
  37  6:59  Mutalisk x4  
  47  7:02  Mutalisk x3  
  47  7:07  Overseer  
  53  7:08  Overseer  
  53  7:14  Extractor  
  52  7:18  Drone x3, Extractor  
  52  7:20  Drone  
  55  8:16  Hydralisk Den  
  54  8:40  Spore Crawler  
  53  8:50  Spore Crawler  
  53  8:51  Hydralisk x6  
  53  8:52  Hydralisk x3  
  53  8:55  Muscular Augments  
  70  9:01  Hydralisk x3  
  76  9:06  Overlord  
  76  9:07  Overlord x4  
  76  9:52  Hydralisk x3  
  82  10:04  Hydralisk x5  
  92  10:14  Evolution Chamber  
  92  10:17  Evolution Chamber  
  90  10:51  Hydralisk x5  
  100  11:00  Zerg Missile Weapons Level 1  
  100  11:02  Zerg Ground Armor Level 1  
  75  11:34  Hydralisk x3  
  75  11:35  Hydralisk  
  83  11:40  Hydralisk  
  67  12:11  Hydralisk x3  
  67  12:12  Hydralisk  
  73  12:20  Drone  
  73  12:21  Drone  
  63  13:14  Hatchery  
  36  13:36  Hydralisk x2  
  36  13:37  Hydralisk x3  
  46  13:48  Drone x3  
  49  14:10  Drone x2  
  51  14:20  Zerg Missile Weapons Level 2  
  51  14:22  Zerg Ground Armor Level 2  
  51  14:28  Hydralisk x2  
  51  14:29  Hydralisk  
  57  14:40  Drone  
  57  14:41  Drone  
  57  14:43  Drone x3  
  62  15:06  Hydralisk x4  
  70  15:23  Extractor  
  70  15:26  Extractor, Drone x3  
  70  15:27  Drone x2  
  63  15:55  Hydralisk x5  
  63  15:56  Hydralisk  
  75  16:15  Drone, Hydralisk x2  
  80  16:20  Hydralisk x3  
  86  16:33  Infestation Pit  
Show
View Real Time Build Order
Export as new Build Order

damned Terran 

Build Orders: MMM Bio 

Get SALT Encoding   

  12  0:23  Supply Depot  
  12  0:32  SCV  
  13  0:44  SCV  
  14  0:58  Refinery  
  14  1:01  SCV  
  15  1:08  Barracks  
  15  1:13  SCV  
  16  1:24  Refinery  
  16  1:25  SCV  
  17  1:40  SCV  
  18  1:52  SCV  
  19  2:01  Engineering Bay  
  19  2:03  Marine  
  19  2:04  SCV  
  21  2:09  Barracks  
  21  2:16  SCV  
  21  2:22  Barracks Reactor  
  22  2:28  SCV  
  23  2:37  Missile Turret  
  23  2:56  Supply Depot  
  23  3:00  Barracks Tech Lab, Barracks  
  23  3:02  Barracks  
  23  3:10  Missile Turret  
  23  3:19  Missile Turret  
  23  3:21  Supply Depot  
  23  3:30  Stimpack  
  23  3:35  Marine  
  23  3:40  Marine  
  25  3:45  Supply Depot, SCV  
  26  3:57  SCV  
  26  3:59  Barracks Reactor  
  26  4:02  Barracks Reactor  
  27  4:06  Marine  
  27  4:09  SCV  
  29  4:10  Marine  
  30  4:22  SCV  
  31  4:34  SCV  
  32  4:40  Marauder, Marine x2  
  36  5:02  Marauder  
  36  5:03  Supply Depot  
  38  5:23  Marauder  
  38  5:24  Factory  
  38  5:27  Supply Depot  
  40  5:29  Marine  
  40  5:31  Marine, Combat Shields  
  42  5:37  Terran Infantry Armor Level 1  
  42  5:44  Marauder  
  42  5:47  Marine  
  45  5:50  Marine  
  46  5:59  Marine  
  46  6:02  Marine x3  
  50  6:05  Marine  
  51  6:21  Supply Depot  
  51  6:24  Factory Tech Lab  
  51  6:37  Starport, Marine  
  51  6:38  Marine x2  
  54  6:45  Supply Depot  
  54  6:50  Concussive Shells  
  54  7:03  Missile Turret, Marine  
  54  7:04  Marine  
  56  7:24  Missile Turret  
  56  7:31  Terran Infantry Weapons Level 1  
  56  7:36  Command Center  
  56  7:45  Missile Turret  
  56  7:58  Supply Depot  
  56  8:00  Starport Reactor  
  56  8:06  Siege Tank  
  56  8:11  Marine  
  60  8:17  Marine  
  60  8:19  Marine  
  62  8:20  Supply Depot  
  62  8:37  Armory  
  62  8:41  Marauder  
  64  9:02  Medivac  
  64  9:03  Medivac  
  68  9:32  Medivac  
  70  9:45  Marine x3  
  71  9:46  Marine x2  
  75  9:55  Medivac  
  77  10:02  Medivac  
  78  10:33  Viking x2  
  77  11:02  Barracks  
  77  11:03  SCV, Viking  
  80  11:13  Marine x2  
  80  11:14  Marine  
  80  11:15  SCV  
  84  11:27  SCV  
  86  11:40  SCV  
  86  11:52  SCV  
  87  12:10  Medivac x2  
  87  12:13  Marauder, Marine x5  
  98  12:34  Marauder  
  100  12:40  Viking x2  
  75  13:10  Viking  
  60  13:14  Terran Infantry Armor Level 2, Marine  
  60  13:15  Marauder  
  60  13:19  Marine x3  
  66  13:36  Marauder  
  68  13:50  Refinery  
  68  13:55  Refinery  
  68  13:58  Marauder, Marine x2  
  68  13:59  Marine x4  
  76  14:16  Marine x2  
  78  14:46  SCV  
  78  14:51  Marauder  
  78  14:52  Marine x6  
  86  14:57  Medivac  
  86  14:58  Medivac  
  91  15:09  Marine  
  91  15:13  Marauder  
  88  15:18  Marine x4  
  88  15:19  Marine  
  93  15:27  Marine, Medivac  
  96  15:30  Terran Infantry Weapons Level 2  
  96  15:34  Marine  
  97  15:36  Marine  
  91  15:51  Marine x3  
  94  16:02  Supply Depot  
  94  16:06  Supply Depot  
  94  16:08  Supply Depot  
  94  16:23  Marine x7  
  94  16:24  Supply Depot  
  101  16:39  Supply Depot  
  101  16:41  Supply Depot  
  101  16:42  Marine x5  
  106  16:56  Siege Tank  
  80  17:29  Siege Tank  
  39  17:42  Marine x4  
  39  17:43  Marine x3  
Show
View Real Time Build Order
Export as new Build Order

Jhyrachy Zerg 

Build Orders: Hatch First 

Get SALT Encoding   

  12  0:10  Drone x2  
  14  0:41  Hatchery, Drone  
  14  0:46  Extractor  
  14  0:49  Extractor  
  12  0:52  Drone x2  
  16  0:57  Overlord  
  16  1:16  Spawning Pool  
  16  1:18  Drone x2  
  17  1:23  Extractor  
  16  1:26  Drone  
  17  1:37  Drone  
  18  1:52  Drone  
  19  2:07  Queen x2  
  23  2:09  Drone x4  
  27  2:27  Drone, Metabolic Boost  
  28  2:30  Overlord  
  28  2:47  Queen  
  30  2:58  Drone  
  31  2:59  Drone x5  
  36  3:06  Evolution Chamber  
  36  3:12  Lair  
  35  3:19  Drone  
  36  3:21  Overlord x2  
  36  3:36  Extractor  
  35  3:41  Extractor  
  35  3:44  Extractor  
  33  3:59  Drone x4  
  33  4:01  Drone x2  
  33  4:02  Drone x4  
  43  4:24  Spire  
  42  4:30  Spore Crawler  
  41  4:34  Spore Crawler  
  40  4:43  Drone  
  40  4:44  Drone x3  
  44  5:00  Hatchery  
  44  5:02  Queen  
  45  5:15  Drone x2  
  47  5:28  Overlord x4  
  47  5:29  Hatchery  
  46  6:12  Hatchery  
  45  6:18  Queen  
  45  6:19  Spine Crawler  
  45  6:23  Spine Crawler  
  45  6:27  Spore Crawler  
  44  6:48  Drone  
  44  6:49  Drone x12  
  57  7:00  Queen  
  59  7:17  Zerg Flyer Weapons Level 1  
  59  7:21  Extractor  
  58  7:25  Drone x2  
  58  7:26  Drone x2  
  62  7:30  Infestation Pit  
  61  7:48  Corruptor x2  
  61  7:49  Corruptor x8  
  81  7:58  Corruptor x2  
  75  7:59  Corruptor x4  
  79  8:11  Hive, Overlord x4  
  79  8:16  Queen  
  81  8:23  Drone  
  81  8:24  Drone x4  
  74  8:45  Corruptor x4  
  74  8:46  Corruptor x5  
  86  8:51  Spore Crawler  
  77  9:13  Spore Crawler  
  77  9:14  Spore Crawler  
  77  9:17  Spore Crawler  
  74  9:19  Spore Crawler  
  74  9:21  Spore Crawler  
  72  9:53  Zerg Flyer Armor Level 1  
  68  10:37  Corruptor  
  68  10:38  Corruptor x10  
  90  10:57  Drone  
  90  10:58  Drone x7  
  92  12:01  Spine Crawler  
  92  12:03  Spine Crawler  
  92  12:05  Spine Crawler  
  92  12:07  Overseer x2, Spine Crawler  
  42  12:48  Mutalisk  
  42  12:49  Mutalisk x12  
  39  14:04  Viper x2  
  45  14:13  Drone  
  45  14:14  Drone x11  
  57  15:17  Queen x2  
  61  16:18  Viper x4  
  40  17:29  Hatchery, Extractor  
  28  17:32  Extractor  
Tags
 
Add a new tag
Caveats
  • Supply blocks, unpowered buildings, or Contaminate may cause inaccurate times.
  • Supply counts are checked every 10 seconds.